 Dungeon Crawl Stone Soup version 0.21-a0-51-gea492e9 (webtiles) character file.

51 grindst0ne the Ruffian (level 3, 0/33 HPs)
             Began as a Ghoul Monk on June 12, 2017.
             Slain by an adder (4 damage)
             ... on level 2 of the Dungeon.
             The game lasted 00:02:03 (1383 turns).

grindst0ne the Ruffian (Ghoul Monk)                 Turns: 1383, Time: 00:02:04

Health: 0/33       AC:  5    Str: 14    XL:     3   Next: 81%
Magic:  2/2        EV: 12    Int:  5    God:
Gold:   122        SH:  0    Dex: 12    Spells: 2/2 levels left

rFire    . . .     SeeInvis .     - Unarmed
rCold    + . .     Gourm    .   (no shield)
rNeg     + + +     Faith    .   l - +0 leather armour
rPois    ∞         Spirit   .   (no helmet)
rElec    .         Reflect  .   (no cloak)
rCorr    .         Harm     .   p - +0 pair of gloves
MR       .....                  j - +0 pair of boots
Stlth    ++........             (no amulet)
Regen    0.0/turn               (no ring)
MPRegen  0.1/turn               (no ring)

@: rotting
A: rotting body, claws 1, carnivore 3, cold resistance 1, negative energy
resistance 3, inhibited regeneration, torment resistance, unbreathing
a: no special abilities


You were on level 2 of the Dungeon.
You were hungry.

You visited 1 branch of the dungeon, and saw 2 of its levels.

You collected 122 gold pieces.

Inventory:

Armour
 a - a +0 robe
 j - a +0 pair of boots (worn)
 l - a +0 leather armour (worn)
 p - a +0 pair of gloves (worn)
Jewellery
 m - an uncursed ring of magical power {unknown}
Scrolls
 c - 3 scrolls of remove curse {unknown}
 d - 2 scrolls of teleportation {unknown}
 e - a scroll of fear {unknown}
 i - 2 scrolls of immolation {unknown}
 k - a scroll of amnesia {unknown}
 o - a scroll of identify {unknown}
 q - a scroll of blinking {unknown}
Potions
 h - 5 potions of curing {unknown}
 n - a potion of degeneration {unknown}
Comestibles
 b - a meat ration
 f - 6 chunks of flesh
 g - a royal jelly


   Skills:
 + Level 4.2 Fighting
 - Level 2.6 Dodging
 - Level 2.1 Stealth
 + Level 4.3 Unarmed Combat


You had 2 spell levels left.
You didn't know any spells.

Dungeon Overview and Level Annotations

Branches:
Dungeon (2/15)

Altars:


Innate Abilities, Weirdness & Mutations

Your body is rotting away.
You thrive on raw meat.
You are immune to poison.
You have sharp fingernails.
You are carnivorous and can eat meat at any time.
Your flesh is cold resistant. (rC+)
You are immune to negative energy. (rN+++)
You do not regenerate when monsters are visible.
You are immune to unholy pain and torment.
You can survive without breathing.


Message History

The hobgoblin hits you. The adder misses you.
You are feeling hungry.
You completely miss the adder.
The adder is almost dead.
The hobgoblin hits you but does no damage.
The adder bites you but does no damage.
You hit the adder but do no damage.
The adder is almost dead.
The adder bites you.
* * * LOW HITPOINT WARNING * * *
The hobgoblin misses you.
You barely miss the adder.
The adder is almost dead.
The adder bites you but does no damage. The hobgoblin hits you.
* * * LOW HITPOINT WARNING * * *
The adder barely misses you.
You closely miss the adder.
The adder is almost dead.
The hobgoblin barely misses you. The adder bites you.
You die...

.#
....####.........#
.#
#..............#
.#
###............#
#.#.###..#####
#.#...#.##
##.##....#
#..##.#.####
######g...........
#.....S@##........
........##........
##.#######........
# #...)....
###..#### .## ##


You could see an adder and a hobgoblin.

Vanquished Creatures
  An adder (D:2)
  An ooze (D:1)
  A dart slug (D:1)
  A giant cockroach (D:2)
  5 goblins
  7 hobgoblins (D:1)
  5 kobolds
  5 bats (D:1)
  5 frilled lizards
  5 rats
36 creatures vanquished.

Notes
Turn   | Place    | Note
-------+----------+-------------------------------------------
     0 | D:1      | grindst0ne the Ghoul Monk began the quest for the Orb.
     0 | D:1      | Reached XP level 1. HP: 19/19 MP: 0/0
   104 | D:1      | Reached XP level 2. HP: 11/26 MP: 1/1
   695 | D:1      | Reached XP level 3. HP: 26/33 MP: 2/2
  1383 | D:2      | Slain by an adder

Vault maps used:
D:1:      saegor_arrival_simple_c, minmay_tromino_mix6
D:2:      kennysheep_cross_room, hex_tiny

Skill      XL: |  1  2  3 |
---------------+----------+-----
Unarmed Combat | 4 |  4.3
Fighting       | 4 |  4.2
Dodging        | |  2.6
Stealth        | |  2.1

Action                   || total
-------------------------++-------
Melee: Unarmed           ||    99
 Stab: Sleeping          ||     4
  Eat: Chunk             ||     1
Armor: Robe              ||    18
       Leather armour    ||    16
Dodge: Dodged            ||    67
